 Dungeon Crawl Stone Soup version 0.31.0-12-g77e489cdc1 (webtiles) character file.

Game seed: 6418550206237885774

88 spaghetti the Ruffian (level 4, -8/35 HPs)
             Began as a Human Chaos Knight on Feb 26, 2024.
             Was a Plaything of Xom.
             Splashed by a jelly's acid (10 damage)
             ... on level 3 of the Dungeon.
             The game lasted 00:02:21 (1803 turns).

spaghetti the Ruffian (Human Chaos Knight)          Turns: 1803, Time: 00:02:22

Health: -8/35      AC: -3    Str: 15    XL:     4   Next: 53%
Magic:  4/4        EV: 11    Int: 12    God:    Xom [...*..]
Gold:   100        SH:  0    Dex: 12    Spells: 3/3 levels left

rFire   . .          .
                       - Unarmed
rCold   + . .        (no shield)
rNeg    + . .        a - +2 leather armour
rPois   .            (helmet restricted)
rElec   .            l - +0 cloak
rCorr   .            e - +1 pair of gloves
SInv    +            (no boots)
Will    .....        (no amulet)
Stlth   +            d - ring of wizardry
HPRegen 0.25/turn    c - ring of positive energy
MPRegen 0.09/turn

%: wizardry (x1)
@: confused, corroded, attractive, hasted, very quick
A: explore regen, horns 1, see invisible, cold resistance 1, inability to read
after injury 1
a: Renounce Religion


You were on level 3 of the Dungeon.
You worshipped Xom.
You were a favourite toy of Xom.
You visited 1 branch of the dungeon, and saw 3 of its levels.

You collected 100 gold pieces.

Inventory:

Missiles
 i - 28 stones
Armour
 a - a +2 leather armour (worn)
 e - a +1 pair of gloves (worn)
 l - a +0 cloak (worn)
Jewellery
 c - a ring of positive energy (right hand)
 d - a ring of wizardry (left hand)
 j - a ring of ice
 k - a ring of resist corrosion
Scrolls
 b - a scroll of butterflies
 g - a scroll of vulnerability
Potions
 h - 2 potions of attraction
 m - a potion of enlightenment


   Skills:
 - Level 3.0 Fighting
 - Level 2.0 Armour
 - Level 1.0 Dodging
 + Level 5.2 Unarmed Combat


You had 3 spell levels left.
You didn't know any spells.
Your spell library contained the following spells:

 Spells                   Type           Power      Damage    Failure   Level
 Slow                     Hex            0%         N/A       16%         1
 Confusing Touch          Hex            0%         N/A       43%         3
 Sigil of Binding         Hex            0%         N/A       43%         3
 Vampiric Draining        Necr           0%         2d6       43%         3


Dungeon Overview and Level Annotations

Branches:
Dungeon (3/15)

Altars:


Innate Abilities, Weirdness & Mutations

You regain HP and MP as you explore.
You have a pair of small horns on your head.
You have supernaturally acute eyesight. (SInv)
Your flesh is cold resistant. (rC+)
You occasionally lose the ability to read scrolls when taking damage.


Message History

You are too confused!
Unknown command.
You're too confused to move!
The orc wizard hits you but does no damage.
The orc hits you but does no damage. The jelly hits you but does no damage.
You can't go up here!
It was a potion of attraction.
You feel attractive to monsters.
The orc wizard gestures at you while chanting.
The puff of flame hits you but does no damage.
The orc misses you. The jelly hits you but does no damage.
It was a potion of haste.
You feel yourself speed up.
The orc wizard gestures at you while chanting.
The magic dart hits you! The orc barely misses you. The jelly hits you.
The acid corrodes you!
You are splashed with acid!
Unknown command.
Unknown command.
Unknown command.
Unknown command.
You're too confused to move!
The jelly hits you. The acid corrodes you!
You are splashed with acid.
* * * LOW HITPOINT WARNING * * *
The orc wizard misses you. The orc hits you with a +0 short sword.
* * * LOW HITPOINT WARNING * * *
You can't go up here!
Unknown command.
You barely miss the jelly.
Unknown command.
Unknown command.
The jelly barely misses you. The orc attacks as it pursues you!
The orc closely misses you.
Unknown command.
The orc wizard attacks as it pursues you!
The orc wizard hits you with a +0 dagger.
* * * LOW HITPOINT WARNING * * *
The jelly attacks as it pursues you! The jelly hits you.
* * * LOW HITPOINT WARNING * * *
The acid corrodes you!
You are splashed with acid!
You die...
Xom cackles wildly!

..# .. #.##. ..
#.#.. ... #...
.... ##..# #....
#...###.....
#..J.....#
##.@o)...#
.###...o...###.
.......<........
.......########..
......# .....#
..... ..... .


You could see a jelly, an orc wizard and an orc.

Vanquished Creatures
  Jessica (D:2)
  2 adders (D:2)
  3 ribbon worms (D:2)
  An orc (D:3)
  5 ball pythons
  An endoplasm (D:1)
  A giant cockroach (D:2)
  4 goblins
  3 hobgoblins (D:1)
  4 quokkas
  2 bats (D:1)
  2 frilled lizards
  4 kobolds
  4 rats
37 creatures vanquished.

Notes
Turn   | Place    | Note
-------+----------+-------------------------------------------
     0 | D:1      | spaghetti the Human Chaos Knight began the quest for the
                  | Orb.
     0 | D:1      | Reached XP level 1. HP: 18/18 MP: 1/1
   208 | D:1      | Reached XP level 2. HP: 6/24 MP: 2/2
   643 | D:1      | XOM: 4-stop teleportation journey
   897 | D:1      | XOM: noise
  1008 | D:2      | Found a faded altar of an unknown god.
  1023 | D:2      | Reached skill level 4 in Unarmed Combat
  1122 | D:2      | Reached XP level 3. HP: 13/29 MP: 3/3
  1201 | D:2      | XOM: cloud trail
  1410 | D:2      | Noticed Jessica
  1411 | D:2      | XOM: cleaving
  1417 | D:2      | Killed Jessica
  1418 | D:2      | Reached XP level 4. HP: 33/35 MP: 4/4
  1465 | D:2      | Reached skill level 5 in Unarmed Combat
  1598 | D:2      | XOM is BORED!
  1598 | D:2      | XOM: give mutations
  1598 | D:2      | Gained mutation: You have supernaturally acute eyesight.
                  | (SInv) [Xom's mischief]
  1598 | D:2      | Gained mutation: Your flesh is cold resistant. (rC+) [Xom's
                  | mischief]
  1598 | D:2      | Gained mutation: You have a pair of small horns on your
                  | head. [Xom's mischief]
  1598 | D:2      | Gained mutation: You occasionally lose the ability to read
                  | scrolls when taking damage. [Xom's mischief]
  1599 | D:2      | XOM: god gift: 3 atropa-tipped darts
  1803 | D:3      | Splashed by a jelly's acid

Illustrated notes

Levels and vault maps discovered:
D:1:      dpeg_arrival_three_same_balls, layout_basic,
          chequers_serial_rivers_micro_e
D:2:      layout_basic, shapermc_ecumenical_altar_mp_ritualfount,
          minmay_between, uniq_jessica
D:3:      layout_rooms

Skill      XL: |  1  2  3  4 |
---------------+-------------+-----
Unarmed Combat | 4 5 |  5.2
Fighting       | |  3.0
Armour         | |  2.0
Dodging        | |  1.0

Action                     |  1- 3 |  4- 6 || total
---------------------------+-------+-------++-------
  Melee: Unarmed           |   122 |    34 ||   156
         Punch             |     2 |     2 ||     4
         Headbutt          |       |     1 ||     1
  Throw: Stone             |     6 |       ||     6
    Use: Potion            |     1 |     2 ||     3
         Scroll            |     3 |     1 ||     4
   Stab: Sleeping          |     1 |       ||     1
 Armour: Leather armour    |    61 |    29 ||    90
  Dodge: Dodged            |    59 |    19 ||    78
